 Dungeon Crawl Stone Soup version 0.19.3-4-gbf9329e (webtiles) character file.

110 LowPressure the Poker (level 4, -6/33 HPs)
             Began as a Demonspawn Gladiator on Jan 28, 2017.
             Mangled by Crazy Yiuf
             ... wielding a +4 quarterstaff of chaos
              (10 damage)
             ... on level 2 of the Dungeon.
             The game lasted 00:07:39 (2099 turns).

LowPressure the Poker (Demonspawn Gladiator)        Turns: 2099, Time: 00:07:40

Health: -6/33      AC:  7    Str: 22    XL:     4   Next: 61%
Magic:  4/4        EV: 10    Int:  9    God:
Gold:   127        SH:  8    Dex: 13    Spells: 0 memorised, 3 levels left

rFire  . . .     SeeInvis .     a - +0 trident
rCold  + . .     Gourm    .     e - +3 leather armour
rNeg   . . .     Faith    .     u - +0 shield
rPois  +         Spirit   .     l - +0 helmet
rElec  .         Reflect  .     (no cloak)
rCorr  .         Harm     .     (no gloves)
MR     .....                    (no boots)
Stlth  +.........               (no amulet)
                                i - ring of poison resistance
                                o - +5 ring of strength

@: lethally poisoned (-6 -> -22)
A: hooves 1, cold resistance 1, slow regeneration 1, wild magic 1, MP-powered
wands
a: no special abilities


You were on level 2 of the Dungeon.
You were near starving.

You visited 1 branch of the dungeon, and saw 2 of its levels.

You collected 127 gold pieces.

Inventory:

Hand Weapons
 a - a +0 trident (weapon)
Missiles
 d - 3 throwing nets (quivered)
Armour
 b - a +0 leather armour
 c - a +0 helmet
 e - a +3 leather armour (worn)
 l - a +0 helmet (worn)
 u - a +0 shield (worn)
 w - a cursed +0 shield
Jewellery
 g - an uncursed ring of resist corrosion
 i - a ring of poison resistance (right hand)
 o - a +5 ring of strength (left hand)
Scrolls
 k - 4 scrolls of identify {unknown}
 m - a scroll of fog {unknown}
 n - 2 scrolls of remove curse {unknown}
 p - 2 scrolls of teleportation {unknown}
Potions
 h - a potion of curing {unknown}
Comestibles
 f - 2 bread rations
 s - 2 meat rations


   Skills:
 + Level 2.1 Fighting
 + Level 4.1 Polearms
 - Level 1.8 Throwing
 + Level 0.5 Armour
 + Level 3.3 Dodging
 + Level 0.6 Shields


You had 3 spell levels left.
You didn't know any spells.

Dungeon Overview and Level Annotations

Branches:
Dungeon (2/15)

Altars:

Annotations:
D:2 Crazy Yiuf


Innate Abilities, Weirdness & Mutations

You have large cloven feet.
Your flesh is cold resistant. (rC+)
You regenerate slowly when monsters are visible.
Your spells are a little harder to cast, but a little more powerful.
You expend magic power (3 MP) to strengthen your wands.


Message History

Crazy Yiuf hits you with a quarterstaff of chaos!
You barely miss Crazy Yiuf.
Crazy Yiuf is severely wounded.
Crazy Yiuf hits you with a quarterstaff of chaos!
You are lethally poisoned!
You hit Crazy Yiuf but do no damage. You kick Crazy Yiuf, but do no damage.
Crazy Yiuf is severely wounded.
You feel sick. You block Crazy Yiuf's attack.
You closely miss Crazy Yiuf. You kick Crazy Yiuf, but do no damage.
Crazy Yiuf is severely wounded.
You feel sick.
Crazy Yiuf hits you with a quarterstaff of chaos!
* * * LOW HITPOINT WARNING * * *
You closely miss Crazy Yiuf. You kick Crazy Yiuf, but do no damage.
Crazy Yiuf is severely wounded.
* * * LOW HITPOINT WARNING * * *
You feel sick.
Crazy Yiuf yells, "Candle koolooloo song!"
Crazy Yiuf hits you with a quarterstaff of chaos!
You die...

##..##
#.#...#.####
♣....♣
###...#.#
♣...♣♣
#.....#
♣♣.♣♣
#...### ♣.♣♣
#...# ♣♣.♣
#...## ♣.♣♣
#....#####
♣♣.♣
#........#
#@#
#...####.#
#.g.# #####
#..# #...#
#.## #..)#
#.# #####
#.# #.# #.#
#.# #.#


You could see Crazy Yiuf.

Vanquished Creatures
  3 gnolls (D:2)
  3 adders (D:2)
  An ooze (D:1)
  A worm (D:2)
  2 dart slugs (D:2)
  2 leopard geckos (D:1)
  7 giant cockroaches
  3 goblins (D:2)
  3 hobgoblins (D:1)
  A quokka (D:2)
  9 bats
  A frilled lizard (D:2)
  4 kobolds
  3 rats (D:1)
43 creatures vanquished.

Notes
Turn   | Place    | Note
-------+----------+-------------------------------------------
     0 | D:1      | LowPressure the Demonspawn Gladiator began the quest for the Orb.
     0 | D:1      | Reached XP level 1. HP: 16/16 MP: 1/1
   190 | D:1      | Reached skill level 3 in Polearms
   190 | D:1      | Gained mutation: Your flesh is cold resistant. (rC+) [demonic ancestry]
   190 | D:1      | Reached XP level 2. HP: 17/22 MP: 2/2
  1119 | D:2      | Reached XP level 3. HP: 27/27 MP: 3/3
  1141 | D:2      | Found a runed door.
  1421 | D:2      | Gained mutation: You expend magic power (3 MP) to strengthen your wands. [potion of mutation]
  1421 | D:2      | Gained mutation: You regenerate slowly when monsters are visible. [potion of mutation]
  1421 | D:2      | Gained mutation: Your spells are a little harder to cast, but a little more powerful. [potion of mutation]
  1434 | D:2      | Reached skill level 4 in Polearms
  1434 | D:2      | Gained mutation: You have large cloven feet. [demonic ancestry]
  1434 | D:2      | Reached XP level 4. HP: 13/33 MP: 4/4
  2090 | D:2      | Noticed Crazy Yiuf
  2099 | D:2      | Mangled by Crazy Yiuf

Skill      XL: |  1  2  3 |
---------------+----------+-----
Polearms       | 3 4 |  4.1
Dodging        | 3 |  3.3
Fighting       | |  2.1
Throwing       | |  1.8
Armour         | |  0.5
Shields        | |  0.6

Action                   |  1- 3 |  4- 6 || total
-------------------------+-------+-------++-------
Melee: Trident           |   115 |    46 ||   161
       Kick              |       |    10 ||    10
  Use: Potion            |     5 |       ||     5
  Eat: Chunk             |     2 |       ||     2
Armor: Leather armour    |    43 |    18 ||    61
       Skin              |     8 |     3 ||    11
Dodge: Dodged            |    70 |    11 ||    81
Block: Shield            |    26 |    17 ||    43
